 Dungeon Crawl Stone Soup version 0.29-a0-1016-g236c7fd91e (webtiles) character file.

Game seed: 11646307078492969169

1313 siradein the Trooper (level 8, -6/71 HPs)
             Began as a Ghoul Fighter on Aug 9, 2022.
             Was a Plaything of Xom.
             Killed by divine providence
             ... invoked by an orc priest
              (13 damage)
             ... on level 6 of the Dungeon.
             The game lasted 00:10:00 (5640 turns).

siradein the Trooper (Ghoul Fighter)                Turns: 5640, Time: 00:10:01

Health: -6/71      AC: 12    Str: 22    XL:     8   Next: 58%
Magic:  7/7        EV:  6    Int:  3    God:    Xom [.*....]
Gold:   286        SH:  4    Dex:  8    Spells: 7/7 levels left

rFire   . . .      SeeInvis .   a - +0 war axe
rCold   + . .      Faith    .   c - +0 buckler
rNeg    + + +      Spirit   .   A - +0 plate armour
rPois   ∞          Reflect  .   (no helmet)
rElec   .          Harm     .   (no cloak)
rCorr   .          Rampage  .   (no gloves)
Will    .....                   (no boots)
Stlth   ..........              (no amulet)
HPRegen 0.00/turn               (no ring)
MPRegen 0.10/turn               (no ring)

@: inhibited regen
A: claws 1, cold resistance 1, negative energy resistance 3, inhibited
regeneration, torment resistance 2, devour on kill
a: Renounce Religion


You were on level 6 of the Dungeon.
You worshipped Xom.
You were a plaything of Xom.
You visited 1 branch of the dungeon, and saw 6 of its levels.

You collected 286 gold pieces.

Inventory:

Hand Weapons
 a - a +0 war axe (weapon)
Missiles
 f - 50 stones (quivered)
 t - 2 boomerangs
 z - 2 silver boomerangs
Armour
 b - a +0 scale mail
 c - a +0 buckler (worn)
 A - a +0 plate armour (worn)
Wands
 r - a wand of charming (10)
 u - a wand of mindburst (7)
Scrolls
 g - a scroll of noise {unknown}
 i - a scroll of silence {unknown}
 j - 2 scrolls of enchant weapon {unknown}
 k - 2 scrolls of blinking
 l - 2 scrolls of enchant armour {unknown}
 n - a scroll of immolation {unknown}
 q - a scroll of magic mapping {unknown}
 s - 2 scrolls of torment {unknown}
 v - 3 scrolls of vulnerability {unknown}
 x - 3 scrolls of summoning {unknown}
 y - 3 scrolls of identify
Potions
 d - a potion of might
 e - 4 potions of curing
 h - a potion of haste {unknown}
 m - a potion of heal wounds {unknown}
 o - a potion of ambrosia {unknown}
 p - a potion of invisibility {unknown}
 w - a potion of degeneration {unknown}


   Skills:
 + Level 6.4 Fighting
 + Level 4.8 Axes
 + Level 5.3 Armour
 + Level 5.3 Shields


You had 7 spell levels left.
You didn't know any spells.
Your spell library contained the following spells:

 Spells                   Type           Power      Damage    Failure   Level
 Magic Dart               Conj           0%         1d3       100%        1
 Searing Ray              Conj           0%         2d4       100%        2
 Gell's Gravitas          Tloc           0%         N/A       100%        3
 Ignite Poison            Fire/Tmut/Pois 0%         N/A       100%        3
 Mephitic Cloud           Conj/Pois/Air  0%         N/A       100%        3
 Teleport Other           Tloc           0%         N/A       100%        3
 Fulminant Prism          Conj/Hex       0%         3d6       100%        4
 Freezing Cloud           Conj/Ice/Air   0%         6-21      100%        5
 Dispersal                Tloc           0%         N/A       100%        6


Dungeon Overview and Level Annotations

Branches:
Dungeon (6/15)
 Temple: D:4-7

Altars:
Cheibriados
Ru
Xom

Shops:
D:3 (


Innate Abilities, Weirdness & Mutations

You are immune to poison.
You have sharp fingernails.
Your flesh is cold resistant. (rC+)
You are immune to negative energy. (rN+++)
You do not regenerate when monsters are visible.
You are immune to unholy pain and torment.
You thrive by killing the living.


Message History

Xom grants you insight.
You feel aware of your surroundings.
The orc hits you from afar with a +0 trident!
Xom is interested.
You finish putting on your +0 plate armour.
You are too injured to fight recklessly!
You are too injured to fight recklessly!
You are too injured to fight recklessly!
The orc hits you but does no damage.
An orc priest comes into view. It is wielding a +0 hand axe.
You slash the orc!
You kill the orc!
You barely miss the phantom. You block the phantom's attack.
The phantom hits you but does no damage.
You hit the phantom but do no damage.
The phantom hits you but does no damage.
You hit the phantom.
The phantom is lightly damaged.
The phantom hits you.
* * * LOW HITPOINT WARNING * * *
You slash the phantom!
The phantom is heavily damaged.
The phantom hits you but does no damage.
You block the phantom's attack.
The orc priest looks braver for a moment.
You barely miss the phantom.
The phantom is heavily damaged.
You block the phantom's attack.
You slash the phantom!
The phantom is almost destroyed.
The phantom barely misses you.
The orc priest invokes the aid of Beogh against you.
Beogh smites you!
* * * LOW HITPOINT WARNING * * *
You miss the phantom.
The phantom is almost destroyed.
The phantom barely misses you.
The orc priest calls down the wrath of Beogh upon you.
Beogh smites you!
You die...

#....#**,,,,, ,,
#....# ,,,,,,,,,
#....* ,,, ,,,,,
#...,***, ,, ,,,,,
#.. ,,,,, **** *
#.#,******* #o# ,*
#W#, * #@#,
#.#,******** ****
#.#, , , , ,,,,, ,
#.################
#.................
##################


You could see a phantom and an orc priest.

Vanquished Creatures
  A basilisk (D:5)
  An orc warrior (D:6)
  The ghost of Bl4cKSa5uke the Insei, an amateur DsTm (D:3)
  2 phantoms (D:5)
  A necrophage (D:6)
  2 scorpions
  A howler monkey (D:4)
  4 hounds
  3 orc priests
  Natasha (twice) (D:2)
  An iguana (D:5)
  An orc wizard (D:5)
  7 gnolls
  9 adders
  A shadow imp (D:5)
  A worm (D:5)
  3 dart slugs
  12 orcs
  6 endoplasms
  2 giant cockroaches
  8 goblins
  7 hobgoblins
  2 jackals (D:3)
  7 kobolds
  4 quokkas
  9 ball pythons
  6 bats
  A frilled lizard (D:1)
  3 rats
108 creatures vanquished.

Vanquished Creatures (collateral kills)
  A scorpion (D:5)
  An orc (D:5)
2 creatures vanquished.

Grand Total: 110 creatures vanquished

Notes
Turn   | Place    | Note
-------+----------+-------------------------------------------
     0 | D:1      | siradein the Ghoul Fighter began the quest for the Orb.
     0 | D:1      | Reached XP level 1. HP: 19/19 MP: 0/0
    76 | D:1      | Reached XP level 2. HP: 18/26 MP: 1/1
   681 | D:2      | Reached XP level 3. HP: 31/31 MP: 2/2
  1038 | D:2      | Noticed Natasha
  1057 | D:2      | Killed Natasha
  1058 | D:2      | Reached XP level 4. HP: 29/40 MP: 3/3
  1238 | D:2      | Noticed Natasha
  1249 | D:2      | Killed Natasha
  1250 | D:2      | Reached skill level 4 in Fighting
  1399 | D:2      | Found a faded altar of an unknown god.
  1407 | D:2      | Prayed at the altar of an unknown god.
  1407 | D:2      | Became a worshipper of Xom the Psychotic
  1539 | D:3      | Found Umefuh's Antique Weapon Shop.
  1615 | D:3      | Found a large runed translucent door.
  1615 | D:3      | Found a large runed translucent door.
  1709 | D:3      | Reached XP level 5. HP: 46/46 MP: 4/4
  1782 | D:3      | XOM: noise
  2044 | D:3      | XOM: divination: detect items
  2236 | D:3      | Reached XP level 6. HP: 37/53 MP: 5/5
  2239 | D:3      | XOM: divination: detect creatures
  2524 | D:3      | Noticed Bl4cKSa5uke's ghost (amateur DsTm)
  2634 | D:3      | XOM: potion effect (brilliance)
  2649 | D:3      | Killed Bl4cKSa5uke's ghost
  2983 | D:4      | XOM: 2-stop teleportation journey
  3101 | D:4      | XOM: 2-stop teleportation journey
  3373 | D:4      | Reached skill level 5 in Fighting
  3387 | D:4      | Reached XP level 7. HP: 61/61 MP: 6/6
  3812 | D:5      | Entered Level 5 of the Dungeon
  3858 | D:5      | Found a snail-covered altar of Cheibriados.
  3907 | D:5      | XOM: cast spell 'Summon Horrible Things'
  4161 | D:5      | Noticed a basilisk
  4161 | D:5      | an ice beast changed into a basilisk
  4161 | D:5      | XOM: polymorph ice beast -> basilisk
  4166 | D:5      | XOM: enchant monster (good)
  4169 | D:5      | Killed a basilisk
  4249 | D:5      | Reached XP level 8. HP: 62/70 MP: 7/7
  4273 | D:5      | XOM: summons 1 hostile shadow creature
  4578 | D:5      | Reached skill level 6 in Fighting
  4655 | D:5      | Reached skill level 5 in Shields
  4831 | D:5      | Reached skill level 5 in Armour
  5098 | D:5      | XOM: noise
  5439 | D:6      | Found a sacrificial altar of Ru.
  5628 | D:6      | XOM: divination: magic mapping
  5640 | D:6      | Killed from afar by an orc priest

Illustrated notes

Levels and vault maps discovered:
D:1:      nicolae_arrival_washed_ashore, layout_rooms
D:2:      layout_loops_ring, hellmonk_ecumenical_altar_leap_of_faith,
          uniq_natasha
D:3:      layout_basic, ebering_ghost_disaster_area, serial_shops,
          nicolae_shop_statue_plus, chequers_serial_rivers_small_a,
          kennysheep_decorative_pillar, minmay_ruptured
D:4:      layout_gridville, minmay_goblin_kobold_house
D:5:      minmay_inner_zag, layout_basic, cheibriados_altar_1,
          nicolae_elevator_lobby_plus
D:6:      layout_basic, nicolae_ru_sacrificial_ziggurat

Skill      XL: |  1  2  3  4  5  6  7  8 |
---------------+-------------------------+-----
Axes           | 2 3 4 |  4.8
Shields        | 3 4 5 |  5.3
Armour         | 3 4 5 |  5.3
Fighting       | 4 5 6 |  6.4

Action                   |  1- 3 |  4- 6 |  7- 9 || total
-------------------------+-------+-------+-------++-------
Melee: War axe           |    70 |   190 |   183 ||   443
  Use: Scroll            |       |       |     4 ||     4
 Stab: Paralysed         |       |       |     3 ||     3
Armor: Scale mail        |    30 |    96 |    78 ||   204
       Plate armour      |       |       |     4 ||     4
Dodge: Dodged            |    33 |   111 |    71 ||   215
Block: Buckler           |    15 |    44 |    38 ||    97

Table legend: (Time is in decaauts)
 A = Elapsed time spent in this place.
 B = Non-inter-level travel time spent in this place.
 C = Inter-level travel time spent in this place.
 D = Time resting spent in this place.
 E = Time spent auto-exploring this place.
 F = Levels seen in this place.
 G = Mean time per level.
                   A        B        C        D        E       F      G
               +--------+--------+--------+--------+--------+-----+--------+
         Total |   5816 |   5637 |    179 |      0 |   4635 |   6 |  969.3 |
       Dungeon |   5816 |   5637 |    179 |      0 |   4635 |   6 |  969.3 |
               +--------+--------+--------+--------+--------+-----+--------+

Top non-repeatable levels by time:
     D:5: 1520 daAuts
     D:3: 1451 daAuts
     D:4: 989 daAuts
     D:2: 812 daAuts
     D:1: 684 daAuts
     D:6: 359 daAuts
